 Dungeon Crawl Stone Soup version 0.27-a0-286-g37e0bc138e (webtiles) character file.

Game seed: 8182611227498858844

7589 KristoblXynda the Covert (level 10, 0/55 HPs)
             Began as a Spriggan Berserker on Feb 8, 2021.
             Was a High Priest of Trog.
             Slain by an orc knight
             ... wielding a +0 war axe
              (43 damage)
             ... in a bailey.
             The game lasted 00:20:10 (12252 turns).

KristoblXynda the Covert (Spriggan Berserker)      Turns: 12252, Time: 00:20:11

Health: 0/55       AC:  5    Str: 14    XL:     10   Next: 97%
Magic:  11/11      EV: 29    Int: 16    God:    Trog [*****.]
Gold:   303        SH:  0    Dex: 20    Spells: 9/9 levels left

rFire    . . .     SeeInvis +   e - +4 dagger (freeze)
rCold    . . .     Faith    .   (shield restricted)
rNeg     + . .     Spirit   .   f - +2 robe {rN+}
rPois    .         Reflect  .   (helmet restricted)
rElec    .         Harm     .   w - +0 cloak of Ypsybrarch {rCorr Dex+4}
rCorr    +         Rampage  .   (gloves unavailable)
Will     +....                  (boots unavailable)
Stlth    ++++++....             (no amulet)
HPRegen  0.18/turn              r - ring of flight
MPRegen  0.12/turn              u - +6 ring of intelligence

@: very quick
A: very small, unfitting armour, see invisible, speed 3
a: Renounce Religion, Evoke Flight, Berserk, Trog's Hand, Brothers in Arms


You were in a bailey.
You worshipped Trog.
Trog was extremely pleased with you.
You visited 2 branches of the dungeon, and saw 11 of its levels.
You also visited: Bailey.

You collected 456 gold pieces.
You spent 153 gold pieces at shops.

Inventory:

Hand Weapons
 e - a +4 dagger of freezing (weapon)
 v - a +2 dagger of flaming
Missiles
 o - 65 sling bullets
 t - a throwing net (quivered)
Armour
 a - a scarf of resistance
 f - a +2 robe of positive energy (worn)
 w - the +0 cloak of Ypsybrarch (worn) {rCorr Dex+4}
   (You found it on level 5 of the Dungeon)

   It affects your dexterity (+4).
   It provides partial protection from all sources of acid and corrosion.
 x - a +0 buckler
Jewellery
 d - an uncursed ring of magical power
 m - an uncursed ring of ice
 r - a ring of flight (left hand)
 u - a +6 ring of intelligence (right hand)
Scrolls
 b - a scroll of identify
 c - a scroll of enchant armour
 l - 2 scrolls of immolation
 p - 3 scrolls of remove curse
 q - 2 scrolls of amnesia
 y - a scroll of fear
 C - a scroll of enchant weapon
Potions
 g - a potion of invisibility
 h - 2 potions of curing
 i - 2 potions of brilliance
 j - 2 potions of attraction
 k - a potion of heal wounds
 n - a potion of resistance
 s - 2 potions of mutation
 z - 2 potions of flight
 A - 2 potions of lignification
Miscellaneous
 D - a lightning rod (4/4)


   Skills:
 - Level 7.0 Fighting
 + Level 9.9 Short Blades
 + Level 11.6 Dodging
 + Level 12.7 Stealth
 - Level 3.5 Evocations


You had 9 spell levels left.
You didn't know any spells.
Your spell library contained the following spells:

 Spells                   Type           Power        Failure   Level
 Animate Skeleton         Necr           0%           26%         1
 Pain                     Necr           0%           26%         1
 Vampiric Draining        Necr           0%           58%         3
 Animate Dead             Necr           0%           94%         4
 Agony                    Necr           0%           100%        5


Dungeon Overview and Level Annotations

Branches:
Dungeon (10/15)            Temple (1/1) D:5          Bailey (1/1)
   Lair: D:8-11         Orc: D:9-12

Altars:
Ashenzari
Cheibriados
Dithmenos
Elyvilon
Fedhas
Gozag
Hepliaklqana
Kikubaaqudgha
Makhleb
Nemelex Xobeh
Okawaru
Qazlal
Ru
Sif Muna
Trog
Uskayaw
Vehumet
Wu Jian
Xom
Yredelemnul
Zin
The Shining One

Shops:
D:4 =   D:6 !   D:8 *


Innate Abilities, Weirdness & Mutations

You are very small and have problems with some larger weapons.
You are too small for most types of armour.
You have supernaturally acute eyesight. (SInv)
You cover ground extremely quickly.


Message History

t - Shout!
Orders for allies: a - Attack new target. r - Retreat! s - Stop attacking. g - Guard the area. f - Follow me.
Anything else - Cancel.
Gang up on whom?
Press: ? - help, Dir - move target, f - orc knight
Aim: an orc knight, wielding a +0 war axe and wearing a +0 chain mail (strong) Attack!
The orc knight hits you with a +0 war axe!
The orc knight hits your two-headed ogre with a +0 war axe!!
Your two-headed ogre hits the orc knight with a +0 giant spiked club!!!
Your two-headed ogre closely misses the orc knight.
The hobgoblin hits your two-headed ogre with a +0 hand axe.
You hear a shout! x3
You hit the orc knight. You freeze the orc knight.
The orc knight is severely wounded.
The orc knight hits you with a +0 war axe!!!
Ouch! That really hurt!
You die...

### ### ###.### ###.###
###.....### ###.....#
##.........###........
#...........#.........
#..........)))...)....
#.....⌠....)#.....)...
#...........#.........
#..oo@......#.........
###.gO......###.......)
###.#)#.....###
###...))#
###...).###.### ###.###
##.........### ###..
#!...).o...8# #...
#..........8#. #...
#∩....⌠o....'. #...
#..........8#.. #...


You could see an orc knight (strong), an orc warrior (strong), a hobgoblin and a
friendly two-headed ogre (summoned, berserk).

Vanquished Creatures
  Gastronok (D:8)
  A salamander (D:9)
  The ghost of highc0 the Destroyer, a novice DECj of Sif Muna (D:5)
  A gargoyle (D:10)
  Psyche (D:8)
  Sigmund (D:6)
  A wraith (D:10)
  4 yaks (D:10)
  Grum (D:8)
  A water moccasin (D:5)
  8 orc warriors
  2 sky beasts (D:5)
  An ice beast (D:8)
  2 ogres (D:4)
  4 wolves (D:8)
  4 centaurs
  A kobold brigand (D:8)
  4 bullfrogs
  4 killer bees (D:8)
  3 wights (D:7)
  3 howler monkeys
  2 bullfrog zombies
  2 hounds
  Crazy Yiuf (D:3)
  7 orc priests
  6 iguanas
  2 centaur skeletons
  Natasha (thrice) (D:2)
  11 orc wizards
  9 worker ants
  2 killer bee zombies (D:6)
  A hound zombie (D:5)
  A hound skeleton (D:5)
  20 gnolls
  8 adders
  A shadow imp (D:8)
  2 white imps
  An ufetubus (D:6)
  2 oozes
  2 adder zombies
  2 adder skeletons (D:4)
  4 worms
  2 dart slugs
  8 leopard geckos
  39 orcs
  6 giant cockroaches
  14 goblins
  16 hobgoblins
  2 jackals (D:7)
  13 kobolds
  7 quokkas
  A ball python (D:4)
  A ball python skeleton (D:4)
  2 bats (D:2)
  5 frilled lizards
  A jackal zombie (D:5)
  A quokka skeleton (D:8)
  29 rats
285 creatures vanquished.

Vanquished Creatures (collateral kills)
  An orc warrior (D:8)
  A bullfrog (D:8)
  An orc (D:8)
3 creatures vanquished.

Grand Total: 288 creatures vanquished

Notes
Turn   | Place    | Note
-------+----------+-------------------------------------------
     0 | D:1      | KristoblXynda the Spriggan Berserker began the quest for
                  | the Orb.
     0 | D:1      | Reached XP level 1. HP: 11/11 MP: 2/2
   120 | D:1      | Reached skill level 1 in Stealth
   122 | D:1      | Reached XP level 2. HP: 16/16 MP: 3/3
   699 | D:1      | Reached skill level 2 in Stealth
   707 | D:1      | Reached XP level 3. HP: 11/19 MP: 4/4
   977 | D:1      | Reached ** piety under Trog
  1890 | D:2      | Noticed Natasha
  1901 | D:2      | Killed Natasha
  1902 | D:2      | Reached XP level 4. HP: 18/24 MP: 5/5
  2040 | D:2      | Reached skill level 3 in Stealth
  2170 | D:2      | Noticed Natasha
  2176 | D:2      | Killed Natasha
  2177 | D:2      | Reached skill level 5 in Dodging
  2725 | D:2      | Noticed Natasha
  2731 | D:2      | Killed Natasha
  2732 | D:2      | Reached XP level 5. HP: 28/28 MP: 6/6
  3209 | D:3      | Reached *** piety under Trog
  3210 | D:3      | Reached skill level 4 in Stealth
  3464 | D:3      | Found a runed translucent door.
  3465 | D:3      | Noticed Crazy Yiuf
  3757 | D:3      | Killed Crazy Yiuf
  3966 | D:4      | Reached XP level 6. HP: 29/32 MP: 7/7
  4142 | D:4      | You fall into a shaft and drop 3 floors!
  4229 | D:6      | Noticed Sigmund
  4279 | D:6      | Reached skill level 5 in Short Blades
  4279 | D:6      | Reached skill level 5 in Stealth
  4283 | D:6      | Killed Sigmund
  4284 | D:6      | Reached XP level 7. HP: 26/37 MP: 8/8
  4756 | D:6      | Found a bloodstained altar of Trog.
  4794 | D:6      | Found Deamoloxu's Distillery.
  4796 | D:6      | Reached skill level 6 in Stealth
  4878 | D:6      | Bought a potion of heal wounds for 55 gold pieces
  4878 | D:6      | Bought a potion of curing for 33 gold pieces
  4878 | D:6      | Bought a potion of degeneration for 11 gold pieces
  4925 | D:6      | Noticed a moth of wrath
  4927 | D:6      | Found a bloodstained altar of Trog.
  5736 | D:5      | Entered Level 5 of the Dungeon
  5846 | D:5      | Found a staircase to the Ecumenical Temple.
  5862 | Temple   | Entered the Ecumenical Temple
  6056 | D:5      | Reached skill level 7 in Stealth
  6056 | D:5      | Reached XP level 8. HP: 36/42 MP: 9/9
  6220 | D:5      | Reached **** piety under Trog
  6495 | D:5      | Found a runed translucent door.
  6505 | D:5      | Noticed highc0's ghost (novice DECj)
  7091 | D:5      | Reached skill level 5 in Fighting
  7098 | D:5      | Got a smoking cloak
  7351 | D:5      | Identified the +0 cloak of Ypsybrarch {rCorr Dex+4} (You
                  | found it on level 5 of the Dungeon)
  7476 | D:5      | Killed highc0's ghost
  7477 | D:5      | Reached skill level 8 in Stealth
  7777 | D:4      | Reached skill level 9 in Stealth
  7868 | D:4      | Found Foffosh's Jewellery Shop.
  7871 | D:4      | Bought a cursed ring of teleportation for 54 gold pieces
  8091 | D:4      | Reached XP level 9. HP: 46/47 MP: 10/10
  9526 | D:8      | Noticed Psyche
  9548 | D:8      | Killed Psyche
  9549 | D:8      | Reached skill level 10 in Stealth
  9564 | D:8      | Noticed Gastronok
  9565 | D:8      | Reached ***** piety under Trog
  9632 | D:8      | Killed Gastronok
  9633 | D:8      | Reached skill level 10 in Dodging
  9633 | D:8      | Reached skill level 11 in Stealth
  9633 | D:8      | Reached XP level 10. HP: 21/53 MP: 11/11
 10598 | D:8      | Noticed Grum
 10604 | D:8      | Killed Grum
 11237 | D:8      | Found Kaerouqa's Assorted Antiques.
 11371 | D:9      | Noticed a two-headed ogre
 11374 | D:9      | Noticed a salamander
 11374 | D:9      | a two-headed ogre changed into a salamander
 11383 | D:9      | Killed a salamander
 11384 | D:9      | Reached skill level 1 in Evocations
 11653 | D:9      | You fall into a shaft and drop 1 floor!
 11653 | D:10     | Entered Level 10 of the Dungeon
 11655 | D:10     | Reached skill level 12 in Stealth
 11676 | D:10     | Noticed a gargoyle
 11699 | D:10     | Killed a gargoyle
 11746 | D:10     | Found a flagged portal.
 11752 | Bailey   | Entered a bailey
 12227 | Bailey   | Noticed an orc knight
 12240 | Bailey   | Noticed an orc warlord
 12252 | Bailey   | Slain by an orc knight

Illustrated notes

Levels and vault maps discovered:
D:1:      eino_arrival_cavern_b, layout_basic
D:2:      layout_loops_ring, minmay_rat_hole, uniq_natasha
D:3:      layout_rooms, st_stairs_7, uniq_crazy_yiuf_cottage
D:4:      layout_basic, serial_shops, kennysheep_mini, mrwooster_statue_mirror,
          st_stairs_14, chequers_serial_rivers_room_b, nzn_random_ring
D:5:      layout_rooms, minmay_temple_entry_tees, ebering_ghost_sewer_d,
          kennysheep_generic_room_15
D:6:      layout_loops_ring, tgw_trog, serial_shops, nicolae_shop_waterfront,
          chequers_garden, trog_three_pillars_becter, uniq_sigmund
D:7:      layout_basic, grunt_potential
D:8:      layout_loops_ring, serial_shops, nicolae_shop_behind_doors, uniq_grum,
          uniq_psyche, uniq_gastronok
D:9:      layout_loops_corners, erik_lair_dragon
D:10:     minmay_tri_box, layout_rooms, hiddenorc1_lemuel, enter_bailey_2,
          minmay_radiant
Temple:   kilobyte_greek_temple
Bailey:   bailey_axe_minmay_hex_keep, bailey

Skill      XL: |  1  2  3  4  5  6  7  8  9 10 |
---------------+-------------------------------+-----
Stealth        | 1 2 3 4 5 7 9 11 12 | 12.7
Fighting       | 3 4 5 6 7 |  7.0
Short Blades   | 4 5 6 7 8 9 |  9.9
Dodging        | 5 6 7 8 10 11 | 11.6
Evocations     | 3 |  3.5

Action                   |  1- 3 |  4- 6 |  7- 9 | 10-12 || total
-------------------------+-------+-------+-------+-------++-------
Melee: Short sword       |    19 |       |       |       ||    19
       Dagger            |   125 |   138 |   554 |   380 ||  1197
       Unarmed           |       |       |    25 |       ||    25
Invok: Berserk           |       |     5 |     9 |     5 ||    19
       Trog's Hand       |       |       |     2 |       ||     2
       Brothers in Arms  |       |       |     1 |     1 ||     2
Evoke: Wand              |       |       |       |     2 ||     2
  Use: Scroll            |       |       |    13 |     4 ||    17
       Potion            |       |       |     4 |     1 ||     5
 Stab: Sleeping          |     1 |     4 |    14 |    11 ||    30
       Distracted        |       |       |     1 |     3 ||     4
Armor: Animal skin       |     5 |    12 |    15 |     1 ||    33
       Skin              |       |       |     3 |       ||     3
       Robe              |       |       |       |     8 ||     8
Dodge: Dodged            |    91 |    82 |   397 |   196 ||   766

Table legend: (Time is in decaauts)
 A = Elapsed time spent in this place.
 B = Non-inter-level travel time spent in this place.
 C = Inter-level travel time spent in this place.
 D = Time resting spent in this place.
 E = Time spent auto-exploring this place.
 F = Levels seen in this place.
 G = Mean time per level.
                   A        B        C        D        E       F      G
               +--------+--------+--------+--------+--------+-----+--------+
         Total |   9762 |   9631 |    131 |   3837 |   4077 |  12 |  813.5 |
       Dungeon |   9297 |   9170 |    127 |   3662 |   3996 |  10 |  929.7 |
        Temple |     86 |     83 |      3 |      0 |     80 |   1 |   86.0 |
        Bailey |    379 |    379 |      0 |    175 |      0 |   1 |  379.0 |
               +--------+--------+--------+--------+--------+-----+--------+

Top non-repeatable levels by time:
     D:5: 1560 daAuts
     D:8: 1484 daAuts
     D:2: 1386 daAuts
     D:6: 1297 daAuts
     D:1: 1101 daAuts
     D:4: 805 daAuts
     D:3: 705 daAuts
     D:7: 668 daAuts
  Bailey: 379 daAuts
     D:9: 212 daAuts
  Temple: 86 daAuts
    D:10: 76 daAuts
